 Dungeon Crawl Stone Soup version 0.17-a0-702-gb3a3556 (webtiles) character file.

145 Pnognoglozu the Skirmisher (level 5, 0/42 HPs)
             Began as a Demonspawn Abyssal Knight on Apr 19, 2015.
             Was a Priest of Lugonu.
             Slain by a centaur (2 damage)
             ... on level 4 of the Dungeon.
             The game lasted 00:09:06 (2726 turns).

Pnognoglozu the Skirmisher (DsAK)                   Turns: 2726, Time: 00:09:06

Health: 0/42       AC:  4    Str: 12    XL:     5   Next: 6%
Magic:  7/7        EV: 12    Int: 13    God:    Lugonu [***...]
Gold:   120        SH:  0    Dex: 16    Spells: 0 memorised, 4 levels left

rFire  . . .     SeeInvis .     a - +1 falchion
rCold  + . .     Clarity  .     b - +0 leather armour
rNeg   . . .     SustAb   .     (no shield)
rPois  .         Gourm    .     f - +0 helmet
rElec  .         Spirit   .     (no cloak)
rCorr  .         Warding  .     (no gloves)
rMut   .         Stasis   .     (no boots)
MR     .....                    (no amulet)
Stlth  +++.......               (no ring)
                                m - ring of ice

@: not resistant to hostile enchantments, fairly stealthy
A: thin skeletal structure 1, fire resistance 1, nightstalker 1, flame cloud
immunity
a: Depart the Abyss, Bend Space, Banish, Renounce Religion


You were on level 4 of the Dungeon.
You worshipped Lugonu.
Lugonu was most pleased with you.
You were hungry.

You visited 1 branch of the dungeon, and saw 4 of its levels.
You visited the Abyss 1 time.

You collected 120 gold pieces.

Inventory:

Hand weapons
 a - a +1 falchion (weapon)
 t - a +0 long sword
Armour
 b - a +0 leather armour (worn)
 f - a +0 helmet (worn)
 v - a +1 robe of positive energy
Jewellery
 m - a ring of ice (left hand)
Scrolls
 d - 2 scrolls of amnesia {unknown}
 e - 3 scrolls of teleportation {unknown}
 h - a scroll of magic mapping {unknown}
 i - 4 scrolls of identify {unknown}
 k - 2 scrolls of noise {unknown}
 n - 7 scrolls of remove curse {unknown}
 p - 2 scrolls of enchant armour {unknown}
 q - a scroll of immolation {unknown}
 r - a scroll of random uselessness {unknown}
 y - a scroll of fear {unknown}
Potions
 j - a potion of heal wounds {unknown}
 o - 2 potions of haste {unknown}
 u - a potion of curing {unknown}
 w - a potion of lignification {unknown}
Comestibles
 c - a bread ration
 g - 2 slices of pizza
 l - 2 meat rations
 x - 2 fruits


   Skills:
 + Level 3.7 Fighting
 + Level 2.5 Long Blades
 + Level 2.8 Armour
 + Level 1.8 Dodging
 + Level 3.6 Invocations


You had 4 spell levels left.
You didn't know any spells.

Dungeon Overview and Level Annotations

Branches:
Dungeon (4/15)
 Temple: D:4-7

Altars:
Ashenzari
Ru


Innate Abilities, Weirdness & Mutations

You have a somewhat thin skeletal structure (Dex +2, Stealth).
Your flesh is heat resistant.
You are slightly more attuned to the shadows.
You are immune to clouds of flame.


Message History

The centaur is heavily wounded.
The centaur hits you but does no damage.
You hit the centaur.
The centaur is heavily wounded.
The centaur hits you but does no damage.
The centaur barely misses you.
You hit the centaur but do no damage.
The centaur is heavily wounded.
The centaur hits you.
* * * LOW HITPOINT WARNING * * *
The centaur hits you.
* * * LOW HITPOINT WARNING * * *
You hit the centaur but do no damage.
The centaur is heavily wounded.
The centaur closely misses you. The centaur hits you.
* * * LOW HITPOINT WARNING * * *
You hit the centaur.
The centaur is severely wounded.
The centaur misses you. The centaur hits you.
You die...

####
###...# ###
##>##..#...
#.
#...#...#
#..#<.<#@c#
#....<....#
####...####
#...# #.!.#
#?..# #.!.#
#...# .!.


You could see a centaur.

Vanquished Creatures
  Jessica (D:3)
  4 adders
  2 gnolls (D:2)
  2 worms (D:2)
  2 giant geckos
  An orc (D:3)
  4 bats (D:1)
  4 goblins
  8 hobgoblins
  4 jackals (D:1)
  7 kobolds
  A quokka (D:2)
  3 giant cockroaches
  5 giant newts
  14 rats
62 creatures vanquished.

Vanquished Creatures (others)
  A kobold (D:2)
1 creature vanquished.

Grand Total: 63 creatures vanquished

Notes
Turn   | Place    | Note
--------------------------------------------------------------
     0 | Abyss:1  | Pnognoglozu, the Demonspawn Abyssal Knight, began the quest for the Orb.
     0 | Abyss:1  | Reached XP level 1. HP: 18/18 MP: 2/2
    73 | D:1      | Escaped the Abyss
   104 | D:1      | Reached skill level 1 in Dodging
   256 | D:1      | Gained mutation: You are slightly more attuned to the shadows. [demonic ancestry]
   256 | D:1      | Reached XP level 2. HP: 22/24 MP: 3/3
   339 | D:1      | Acquired Lugonu's second power
   906 | D:1      | Gained mutation: You have a somewhat thin skeletal structure (Dex +2, Stealth). [demonic ancestry]
   906 | D:1      | Reached XP level 3. HP: 20/29 MP: 5/5
  1581 | D:2      | Found a sacrificial altar of Ru.
  1916 | D:2      | Gained mutation: Your flesh is heat resistant. [demonic ancestry]
  1916 | D:2      | Reached XP level 4. HP: 35/35 MP: 6/6
  2122 | D:2      | Acquired Lugonu's third power
  2149 | D:3      | Upgraded the game from 0.17-a0-670-g5d95ebd to 0.17-a0-702-gb3a3556
  2292 | D:3      | Found a shattered altar of Ashenzari.
  2399 | D:3      | Noticed Jessica
  2407 | D:3      | Killed Jessica
  2407 | D:3      | Gained mutation: You are immune to clouds of flame. [demonic ancestry]
  2407 | D:3      | Reached XP level 5. HP: 35/42 MP: 7/7
  2714 | D:4      | Noticed a centaur
  2725 | D:4      | HP: 2/42 [centaur (5)]
  2726 | D:4      | Slain by a centaur

Action                   |  1- 3 |  4- 6 || total
-------------------------+-------+-------++-------
Melee: Falchion          |   137 |    60 ||   197
 Stab: Sleeping          |     7 |     1 ||     8
  Eat: Chunk             |     2 |     3 ||     5
